 Dungeon Crawl Stone Soup version 0.31-a0-744-gbc345e7fcb (webtiles) character file.

Game seed: 10366878747651311183

2919 cforsyth the Fighter (level 10, -5/55 HPs)
             Began as a Djinni Delver on Sept 14, 2023.
             Was a Believer of Hepliaklqana.
             Slain by a hell knight
             ... wielding a +2 demon whip
              (10 damage)
             ... on level 1 of the Abyss.
             The game lasted 00:13:41 (9010 turns).

cforsyth the Fighter (Djinni Delver)                Turns: 9010, Time: 00:13:42

Health: -5/55      AC:  6    Str: 11    XL:     10   Next: 6%
Gold:   413        EV: 12    Int: 15    God:    Hepliaklqana [**....] SH:  0 Dex: 12

rFire   + + .        G - +5 woodcutter's axe
rCold   x . .        (shield currently unavailable)
rNeg    . . .        t - +0 steam dragon scales
rPois   ∞            E - +0 helmet
rElec   .            (no cloak)
rCorr   +            (no gloves)
SInv    .            (boots unavailable)
Will    +....        (no amulet)
Stlth   ++           y - ring of resist corrosion
HPRegen 0.29/turn    (no ring)
MPRegen 0.00/turn

%: infuse magic (-6 HP)
@: flying
A: reduced essence, sickness immunity, fire resistance 2, cold vulnerability 1,
float, innate caster, HP casting, extra vitality 1, [clumsy 2], [frail 2],
[screaming 2], [inability to read after injury 2]
a: Renounce Religion, Recall Ancestor, Ancestor Identity


You were on level 1 of the Abyss.
You worshipped Hepliaklqana.
Hepliaklqana was pleased with you.
You visited 2 branches of the dungeon, and saw 8 of its levels.
You visited the Abyss 1 time.
You also visited: Sewer.

You collected 413 gold pieces.

Inventory:

Hand Weapons
 a - a +0 falchion
 G - the +5 woodcutter's axe (weapon)
   (You found it on level 3 of the Dungeon)
Armour
 t - +0 steam dragon scales (worn)
 E - a +0 helmet (worn)
 F - a +0 kite shield
Jewellery
 y - a ring of resist corrosion (left hand)
 D - a ring of wizardry
 I - a ring of protection from fire
Wands
 g - a wand of digging (8)
 z - a wand of polymorph (2)
 C - a wand of paralysis (22)
 H - a wand of flame (26)
Scrolls
 b - 2 scrolls of revelation
 c - 2 scrolls of fog
 d - a scroll of silence {unknown}
 e - 2 scrolls of fear
 h - 2 scrolls of immolation {unknown}
 j - 4 scrolls of identify {unknown}
 k - 4 scrolls of poison {unknown}
 l - a scroll of torment {unknown}
 q - 2 scrolls of noise {unknown}
 r - 10 scrolls of teleportation {unknown}
 u - 2 scrolls of amnesia
 v - a scroll of enchant weapon {unknown}
Potions
 f - 3 potions of haste
 m - 6 potions of enlightenment
 n - 3 potions of invisibility {unknown}
 o - 3 potions of mutation
 p - a potion of resistance {unknown}
 s - 7 potions of curing {unknown}
 w - a potion of attraction {unknown}
 x - a potion of lignification {unknown}
 A - a potion of heal wounds {unknown}
 B - a potion of magic {unknown}


   Skills:
 + Level 9.7 Fighting
 - Level 1.7 Long Blades
 - Level 2.1 Dodging
 - Level 4.1 Stealth
 + Level 2.7 Shields
 + Level 6.6 Spellcasting
 + Level 6.6 Conjurations
 + Level 6.6 Hexes
   Level 0.0 Charms
 + Level 6.6 Summonings
 + Level 6.6 Necromancy
 + Level 6.6 Translocations
 + Level 6.6 Transmutations
 + Level 6.6 Fire Magic
 + Level 6.6 Ice Magic
 + Level 6.6 Air Magic
 + Level 6.6 Earth Magic
 + Level 6.6 Poison Magic


You knew the following spells:

 Your Spells              Type           Power      Damage    Failure   Level
a - Foxfire               Conj/Fire      96%        2x1d8     1%          1
b - Momentum Strike       Conj/Tloc      48%        3d9       1%          2
c - Vampiric Draining     Necr           24%        2d7       2%          3
d - Cause Fear            Hex            12%        N/A       9%          4
Your spell library was empty.

Dungeon Overview and Level Annotations

Branches:
Dungeon (7/15)             Temple (1/1) D:6           Sewer (visited)

Altars:
Ashenzari
Cheibriados
Dithmenos
Elyvilon
Fedhas
Gozag
Hepliaklqana
Makhleb
Nemelex Xobeh
Okawaru
Qazlal
Trog
Uskayaw
Wu Jian
Xom
Yredelemnul
Zin
The Shining One

Shops:
D:4 *


Innate Abilities, Weirdness & Mutations

Your life essence is reduced to manifest your ancestor. (-10% HP)
You are immune to sickness and miasma.
You are immune to poison.
Your flesh is very heat resistant. (rF++)
You are vulnerable to cold. (rC-)
You float through the air rather than walking.
You learn spells naturally, not from books.
Your magical power is your life essence.
You have superior vitality. (+4 MHP)
[You are very clumsy. (Dex -4)]
[You are very frail. (-20% HP)]
[You frequently scream uncontrollably at your foes.]
[You sometimes lose the ability to read scrolls when taking damage.]


Message History

The hell knight shouts!
You hear a shout! x2
As you read the scroll labelled UKHAGO JUIL, it crumbles to dust.
It is a scroll of amnesia.
You feel forgetful for a moment.
A wretched star and an orc sorcerer come into view.
The orc sorcerer shouts!
The orc sorcerer's eyes start to glow.
The orc sorcerer points at you and mumbles some strange words.
You resist with some effort.
A small abomination comes into view.
The wretched star pulses with an eldritch light!
You feel the urge to shout.
You feel a strong urge to scream.
The orc sorcerer howls an incantation.
You feel troubled.
The hell knight utters an invocation to its god.
The hell knight seems to speed up.
The wretched star pulses with an eldritch light!
You occasionally lose the ability to read scrolls when taking damage.
You lose the ability to read scrolls when taking damage more often.
You feel clumsy. x2
You hear a shout!
You hear a shout!
The hell knight utters an invocation to its god.
The hell knight seems to speed up.
The wretched star pulses with an eldritch light!
You feel frail. x2
The hell knight invokes the aid of its god against you.
The bolt of fire hits you! You resist.
The hell knight invokes the aid of its god against you.
The bolt of fire hits you! You resist.
* * * LOW HITPOINT WARNING * * *
Decima emerges from the mists of memory!
The hell knight calls down the wrath of its god upon you.
The bolt of fire hits you! You resist.
* * * LOW HITPOINT WARNING * * *
Blink to where?
Press: ? - help, Dir - move target
As you read the scroll of blinking, it crumbles to dust.
The hell knight hits you with a +2 demon whip!
You die...

... # #.
.#.... #.#
#..##. .......
#. .#. ####..
## #R##....#
#..# #
#.R###..# .# #
. ###.## .#.
## #..#.. ##.
#.# #...
#.##.####
###..# ##.p@.#
#.......##.###
###..###...#.#
.#.. ##...##
#..###p...#
#.p......#
#.....##.#
#.#..#....#
#...#..#..##


You could see a hell knight (fast).

Vanquished Creatures
  Maggie (D:7)
  A steam dragon (D:4)
  A water moccasin (D:6)
  An orc warrior (D:7)
  2 black bears
  An ogre (D:6)
  A centaur (D:5)
  A phantom (D:6)
  4 scorpions
  3 wights (D:7)
  2 electric eels (D:4)
  6 jellies
  4 hounds
  4 orc priests
  2 sleepcaps
  An iguana (D:4)
  4 orc wizards
  4 gnolls
  12 adders
  4 river rats (Sewer)
  2 white imps
  A dart slug (D:5)
  12 orcs
  12 ball pythons
  8 endoplasms
  10 giant cockroaches
  8 goblins
  4 hobgoblins
  3 jackals (D:1)
  14 kobolds
  6 quokkas
  15 bats
  6 frilled lizards
  2 rats (D:3)
162 creatures vanquished.

Vanquished Creatures (collateral kills)
  A water moccasin (D:7)
  A black bear (D:7)
  A kobold brigand (D:7)
  A bullfrog (D:6)
  A gnoll sergeant (D:3)
  A wight (D:7)
  2 orc priests (D:7)
  An orc wizard (D:7)
  A worm (D:2)
  2 orcs
  A giant cockroach (D:1)
  A jackal (D:1)
  A frilled lizard (D:1)
  A kobold (D:7)
  6 foxfires (D:4)
22 creatures vanquished.

Vanquished Creatures (others)
  A wizard (D:4)
  A starcursed mass (Abyss:1)
  A small abomination (Abyss:1)
  A knight (Abyss:1)
  1011 foxfires
1015 creatures vanquished.

Grand Total: 1199 creatures vanquished

Notes
Turn   | Place    | Note
-------+----------+-------------------------------------------
     0 | D:5      | cforsyth the Djinni Delver began the quest for the Orb.
     0 | D:5      | Reached XP level 1. HP: 20/20 MP: 0/0
   166 | D:4      | Found a basalt altar of Yredelemnul.
   181 | D:4      | Reached XP level 2. HP: 25/25 MP: 0/0
   241 | D:4      | Reached skill level 1 in Spellcasting
   241 | D:4      | Reached skill level 1 in Conjurations
   241 | D:4      | Reached skill level 1 in Hexes
   241 | D:4      | Reached skill level 1 in Summonings
   241 | D:4      | Reached skill level 1 in Necromancy
   241 | D:4      | Reached skill level 1 in Translocations
   241 | D:4      | Reached skill level 1 in Transmutations
   241 | D:4      | Reached skill level 1 in Fire Magic
   241 | D:4      | Reached skill level 1 in Ice Magic
   241 | D:4      | Reached skill level 1 in Air Magic
   241 | D:4      | Reached skill level 1 in Earth Magic
   241 | D:4      | Reached skill level 1 in Poison Magic
   241 | D:4      | Reached XP level 3. HP: 30/30 MP: 0/0
   241 | D:4      | Learned a level 1 spell: Foxfire
   268 | D:4      | Reached XP level 4. HP: 25/37 MP: 0/0
   348 | D:4      | Reached skill level 4 in Fighting
   413 | D:4      | Found a bloodstained altar of Trog.
   414 | D:4      | Found Lewaif's Gadget Gallery.
   502 | D:3      | Found a glowing drain.
   523 | Sewer    | Entered a sewer
   743 | Sewer    | Reached XP level 5. HP: 40/41 MP: 0/0
   743 | Sewer    | Learned a level 2 spell: Momentum Strike
  1245 | Sewer    | Reached XP level 6. HP: 25/49 MP: 0/0
  1420 | D:4      | Reached skill level 5 in Fighting
  1477 | D:4      | Found a broken altar of Ashenzari.
  1515 | D:4      | Found a transporter.
  1562 | D:4      | Found a transporter.
  1683 | D:4      | Identified the +4 quarterstaff of Wywkaor {pain, Dex+6}
  1774 | D:4      | Found an ornate altar of the Wu Jian Council.
  1803 | D:4      | Found a glowing silver altar of Zin.
  2027 | D:4      | Noticed a steam dragon
  2046 | D:4      | Killed a steam dragon
  2047 | D:4      | Reached XP level 7. HP: 11/54 MP: 0/0
  2047 | D:4      | Learned a level 3 spell: Vampiric Draining
  2232 | D:4      | Noticed a wizard
  2238 | D:4      | Killed a wizard
  2786 | D:5      | Reached skill level 6 in Fighting
  3058 | D:5      | Noticed a +0 short sword
  3058 | D:5      | Noticed a +0 falchion
  3059 | D:5      | Noticed a +0 dagger
  3059 | D:5      | Noticed a +0 spear
  3059 | D:5      | Noticed a +0 falchion
  3060 | D:5      | Noticed a +0 spear
  3060 | D:5      | Noticed a +0 dagger
  3061 | D:5      | Noticed a +0 short sword
  3071 | D:5      | Found a hide-covered altar of Uskayaw.
  3223 | D:5      | Reached XP level 8. HP: 42/62 MP: 0/0
  3360 | D:5      | Reached skill level 7 in Fighting
  3887 | D:6      | Found a snail-covered altar of Cheibriados.
  4168 | D:6      | Found a staircase to the Ecumenical Temple.
  4206 | Temple   | Entered the Ecumenical Temple
  4219 | Temple   | Became a worshipper of Hepliaklqana the Forgotten
  4874 | D:2      | Reached * piety under Hepliaklqana
  5408 | D:1      | Found a faded altar of an unknown god.
  6115 | D:3      | Found a shadowy altar of Dithmenos.
  6291 | D:3      | Reached skill level 5 in Spellcasting
  6291 | D:3      | Reached skill level 5 in Conjurations
  6291 | D:3      | Reached skill level 5 in Hexes
  6291 | D:3      | Reached skill level 5 in Summonings
  6291 | D:3      | Reached skill level 5 in Necromancy
  6291 | D:3      | Reached skill level 5 in Translocations
  6291 | D:3      | Reached skill level 5 in Transmutations
  6291 | D:3      | Reached skill level 5 in Fire Magic
  6291 | D:3      | Reached skill level 5 in Ice Magic
  6291 | D:3      | Reached skill level 5 in Air Magic
  6291 | D:3      | Reached skill level 5 in Earth Magic
  6291 | D:3      | Reached skill level 5 in Poison Magic
  6359 | D:3      | Found the +5 woodcutter's axe
  6566 | D:3      | Reached ** piety under Hepliaklqana
  6567 | D:3      | Remembered your ancestor Decima as a knight
  6620 | D:3      | Found a burning altar of Makhleb.
  6715 | D:6      | Reached skill level 8 in Fighting
  6715 | D:6      | Reached XP level 9. HP: 58/63 MP: 0/0
  6715 | D:6      | Learned a level 4 spell: Cause Fear
  6776 | D:6      | Found a shimmering altar of Xom.
  7548 | D:7      | Noticed Maggie
  7571 | D:7      | Killed Maggie
  7576 | D:7      | Reached skill level 9 in Fighting
  8448 | D:7      | Reached skill level 1 in Shields
  8561 | D:7      | Reached XP level 10. HP: 68/70 MP: 0/0
  8823 | Abyss:1  | Cast into level 1 of the Abyss (wight)
  8851 | Abyss:1  | Found a corrupted altar of Lugonu.
  8865 | Abyss:1  | Found a corrupted altar of Lugonu.
  8900 | Abyss:1  | Noticed a starcursed mass
  8901 | Abyss:1  | Noticed a starcursed mass
  8931 | Abyss:1  | Noticed a death knight
  8939 | Abyss:1  | Noticed a wretched star
  8941 | Abyss:1  | Noticed a wretched star
  8944 | Abyss:1  | Noticed a starcursed mass
  8957 | Abyss:1  | Killed a starcursed mass
  8973 | Abyss:1  | Noticed a hell knight
  8973 | Abyss:1  | Noticed a hell knight
  8973 | Abyss:1  | Noticed a necromancer
  8985 | Abyss:1  | Noticed a wretched star
  8985 | Abyss:1  | Noticed an orc sorcerer
  9000 | Abyss:1  | HP: 2/55 [hell knight/bolt of fire (13)]
  9010 | Abyss:1  | Slain by a hell knight

Illustrated notes

Levels and vault maps discovered:
D:1:      saegor_arrival_simple_b, layout_loops_ring,
          nicolae_ecumenical_lake_church, minmay_tripent
D:2:      layout_basic, serial_glass, glass_columns_b, glass_columns_a
D:3:      layout_loops_cross, lightli_temple_of_fire,
          mainiacjoe_overflow_concentric_impassable, gup_sewer_entry_pipe,
          pf_guarded_unrand_woodcutter
D:4:      gammafunk_steamed_eel, layout_layer_cave,
          nicolae_overflow_quartered_altars, trog_wizard,
          ashenzari_conservatory_becter, nicolae_shop_gadgets
D:5:      layout_gridville, nicolae_uskayaw_en_pointe
D:6:      layout_basic, amcnicky_altar_gilded, overflow_temple_1_default,
          minmay_temple_entry_slanted, nicolae_concentric_dashed_squares_wild
D:7:      layout_rooms, mainiacjoe_overflow_paths, uniq_maggie
Temple:   dpeg_chambers_temple
Abyss:1:  base:
D:3

Skill      XL: |  1  2  3  4  5  6  7  8  9 |
---------------+----------------------------+-----
Spellcasting   | 1 2 3 4 5 6 |  6.6
Conjurations   | 1 2 3 4 5 6 |  6.6
Hexes          | 1 2 3 4 5 6 |  6.6
Summonings     | 1 2 3 4 5 6 |  6.6
Necromancy     | 1 2 3 4 5 6 |  6.6
Translocations | 1 2 3 4 5 6 |  6.6
Transmutations | 1 2 3 4 5 6 |  6.6
Fire Magic     | 1 2 3 4 5 6 |  6.6
Ice Magic      | 1 2 3 4 5 6 |  6.6
Air Magic      | 1 2 3 4 5 6 |  6.6
Earth Magic    | 1 2 3 4 5 6 |  6.6
Poison Magic   | 1 2 3 4 5 6 |  6.6
Fighting       | 4 5 6 8 9 |  9.7
Shields        | 2 |  2.7
Long Blades    | |  1.7
Dodging        | |  2.1
Stealth        | |  4.1

Action                     |  1- 3 |  4- 6 |  7- 9 | 10-12 || total
---------------------------+-------+-------+-------+-------++-------
  Melee: Falchion          |    19 |    42 |    69 |       ||   130
         Punch             |       |       |     2 |       ||     2
         Battleaxe         |       |       |     1 |       ||     1
   Cast: Foxfire           |     8 |   149 |   425 |    34 ||   616
         Vampiric Draining |       |       |    11 |       ||    11
         Cause Fear        |       |       |     1 |       ||     1
 Invoke: Ancestor Life: Kn |       |       |     1 |       ||     1
         Recall Ancestor   |       |       |       |     2 ||     2
    Use: Scroll            |       |     1 |       |     4 ||     5
   Stab: Sleeping          |       |     1 |     5 |       ||     6
 Armour: Leather armour    |    12 |    50 |       |       ||    62
         Steam dragon scal |       |       |    82 |    11 ||    93
  Dodge: Dodged            |    14 |    64 |    76 |     1 ||   155

Table legend: (Time is in decaauts)
 A = Elapsed time spent in this place.
 B = Non-inter-level travel time spent in this place.
 C = Inter-level travel time spent in this place.
 D = Time resting spent in this place.
 E = Time spent auto-exploring this place.
 F = Levels seen in this place.
 G = Mean time per level.
                   A        B        C        D        E       F      G
               +--------+--------+--------+--------+--------+-----+--------+
         Total |   9044 |   8479 |    565 |    904 |   5935 |  10 |  904.4 |
       Dungeon |   8001 |   7449 |    552 |    893 |   5217 |   7 | 1143.0 |
        Temple |     26 |     13 |     13 |      0 |      0 |   1 |   26.0 |
         Abyss |    186 |    186 |      0 |     11 |     57 |   1 |  186.0 |
         Sewer |    829 |    829 |      0 |      0 |    661 |   1 |  829.0 |
               +--------+--------+--------+--------+--------+-----+--------+

Top non-repeatable levels by time:
     D:4: 1861 daAuts
     D:5: 1422 daAuts
     D:6: 1232 daAuts
     D:7: 914 daAuts
     D:3: 909 daAuts
     D:1: 880 daAuts
   Sewer: 829 daAuts
     D:2: 780 daAuts
 Abyss:1: 186 daAuts
  Temple: 26 daAuts
